Map: New Repugnancy LE

Players

Marinelord - Winner!

  • Race: Terran Terran
  • Spawn Location: 1:00

Ryosis

  • Race: Zerg Zerg
  • Spawn Location: 7:00

Event: 2019 WCS Spring

VOD

Have the link to the VOD?

Description

Time

  • Played on: May 17, 2019, 6:49 a.m.
  • Length: 8:17

All games in this series

Show
View Real Time Build Order
Export as new Build Order

Marinelord Terran - Winner!

Build Orders: Gas First Reaper Expand, Liberator Opening 

Get SALT Encoding   

  12  0:00  SCV  
  13  0:12  SCV  
  14  0:17  Supply Depot  
  14  0:24  SCV  
  15  0:28  Refinery  
  15  0:38  SCV  
  16  0:45  Barracks  
  16  0:50  SCV  
  17  1:02  SCV  
  18  1:15  SCV  
  19  1:32  Reaper, Orbital Command  
  20  1:44  Command Center  
  20  1:55  Factory  
  20  2:00  SCV  
  21  2:06  Barracks Reactor  
  21  2:12  SCV  
  22  2:17  Supply Depot  
  22  2:19  Refinery  
  22  2:24  SCV  
  23  2:39  SCV  
  24  2:45  Starport  
  24  2:47  Hellion  
  24  2:50  Hellion  
  24  2:51  SCV  
  29  2:53  Marine  
  30  3:01  Orbital Command  
  30  3:04  SCV  
  31  3:16  SCV, Hellion  
  31  3:19  Hellion  
  36  3:28  SCV, Medivac  
  36  3:30  SCV  
  40  3:38  Widow Mine  
  40  3:40  Widow Mine  
  40  3:41  SCV  
  45  3:43  SCV  
  45  3:44  Supply Depot  
  45  3:47  Barracks Tech Lab  
  46  3:50  Liberator  
  46  3:56  Supply Depot  
  46  4:06  SCV x2  
  46  4:08  Marine  
  52  4:14  Supply Depot  
  52  4:17  Hellion  
  52  4:18  SCV x2, Hellion  
  58  4:27  Marine  
  58  4:29  Stimpack  
  58  4:30  SCV x2  
  59  4:42  SCV x2  
  59  4:45  Marine  
  60  4:54  SCV x2, Starport Reactor  
  60  4:56  Factory Tech Lab  
  60  4:58  Command Center  
  62  5:03  Marine  
  62  5:06  SCV x2  
  65  5:11  Refinery x2  
  65  5:15  Barracks  
  65  5:18  SCV x2  
  65  5:19  Barracks  
  67  5:23  Siege Tank  
  67  5:28  Marine  
  69  5:30  SCV  
  69  5:34  Engineering Bay x2  
  70  5:36  SCV  
  64  5:42  SCV  
  64  5:45  Marine  
  64  5:48  SCV  
  64  5:49  Supply Depot x2  
  66  5:55  SCV  
  67  5:58  Starport Reactor  
  67  5:59  Siege Tank  
  67  6:01  Terran Infantry Weapons Level 1  
  70  6:07  Terran Infantry Armor Level 1  
  70  6:10  SCV x2, Orbital Command, Marine  
  73  6:12  Marine x2  
  75  6:22  SCV x2  
  75  6:25  Supply Depot  
  77  6:29  Combat Shield  
  77  6:31  Siege Tank, Marine x3  
  77  6:32  Marine  
  84  6:34  SCV, Supply Depot  
  84  6:36  Orbital Command  
  84  6:37  Marine  
  84  6:38  SCV  
  87  6:46  SCV  
  88  6:48  Barracks x2  
  88  6:49  Marine x3  
  88  6:51  SCV  
  92  6:55  Marine  
  92  6:58  SCV, Marine  
  89  7:01  Medivac  
  89  7:03  Siege Tank  
  89  7:07  SCV x2, Marine x3  
  98  7:11  SCV  
  98  7:15  Armory  
  96  7:16  Marine x2  
  96  7:21  Supply Depot  
  98  7:24  SCV  
  98  7:25  SCV, Supply Depot  
  98  7:26  Supply Depot  
  98  7:28  SCV  
  101  7:36  SCV, Marine x2  
  104  7:37  SCV  
  104  7:40  SCV, Medivac x2  
  110  7:45  Marine x3  
  110  7:48  SCV, Barracks Reactor x2  
  110  7:49  Refinery x2  
  117  7:54  Marine x2  
  122  8:06  Supply Depot  
  122  8:07  Supply Depot  
Show
View Real Time Build Order
Export as new Build Order

Ryosis Zerg 

Build Orders: Hatch First 

Get SALT Encoding   

  12  0:00  Drone  
  13  0:12  Overlord  
  13  0:16  Drone  
  14  0:30  Drone x2  
  16  0:48  Hatchery  
  15  0:51  Drone  
  15  0:55  Drone  
  17  0:58  Drone  
  18  1:08  Extractor  
  17  1:13  Spawning Pool  
  17  1:17  Drone  
  17  1:20  Drone  
  18  1:27  Drone  
  19  1:38  Drone  
  20  1:49  Drone  
  21  2:00  Queen x2  
  21  2:01  Zergling x4  
  27  2:14  Hatchery  
  26  2:19  Overlord  
  26  2:21  Drone  
  27  2:24  Drone  
  28  2:36  Metabolic Boost  
  28  2:39  Drone x2  
  28  2:40  Drone  
  28  2:43  Drone  
  31  2:46  Overlord  
  31  2:54  Queen  
  31  2:56  Drone  
  34  2:58  Drone  
  34  3:04  Drone  
  36  3:06  Drone  
  36  3:11  Zergling x2  
  36  3:12  Drone x2  
  40  3:18  Drone x2  
  42  3:26  Drone x2  
  44  3:28  Queen  
  44  3:29  Queen  
  44  3:33  Drone  
  49  3:39  Drone  
  50  3:41  Overlord  
  50  3:46  Overlord  
  50  3:57  Overlord  
  50  3:58  Spore Crawler, Drone  
  50  4:00  Zergling x10  
  53  4:05  Queen  
  53  4:07  Drone  
  58  4:12  Zergling x4  
  58  4:13  Drone  
  58  4:14  Drone  
  58  4:16  Drone  
  63  4:19  Drone  
  63  4:21  Drone  
  65  4:25  Drone  
  65  4:28  Lair  
  65  4:29  Drone  
  65  4:32  Drone  
  65  4:35  Drone x2  
  65  4:38  Drone x2  
  70  4:40  Drone x2  
  70  4:42  Overlord  
  70  4:48  Drone x2  
  70  4:49  Drone  
  67  4:54  Spore Crawler  
  67  4:59  Evolution Chamber, Overlord, Extractor, Baneling Nest  
  63  5:00  Extractor  
  63  5:01  Drone  
  63  5:03  Drone  
  63  5:04  Drone  
  63  5:05  Drone  
  64  5:07  Zergling x8  
  64  5:14  Evolution Chamber, Drone x3  
  67  5:18  Drone x2  
  67  5:19  Overlord  
  66  5:29  Drone x3  
  66  5:33  Drone x2  
  66  5:35  Drone  
  68  5:39  Drone x2  
  68  5:42  Drone  
  64  5:44  Pneumatized Carapace  
  64  5:52  Drone x3  
  64  5:53  Overlord  
  64  5:54  Extractor  
  64  5:55  Centrifical Hooks  
  64  5:56  Extractor  
  65  5:57  Drone x2  
  65  5:59  Extractor  
  66  6:09  Drone  
  66  6:10  Drone  
  68  6:12  Drone x3  
  68  6:17  Zerg Ground Armor Level 1  
  72  6:18  Drone  
  72  6:19  Hatchery  
  72  6:21  Drone x3  
  73  6:32  Drone x2  
  75  6:33  Zergling x8  
  75  6:37  Queen  
  75  6:39  Zergling x2  
  82  6:41  Zergling x2  
  83  6:48  Drone  
  83  6:52  Drone  
  83  6:53  Nydus Network, Zergling x2  
  83  6:54  Zergling x6  
  81  7:02  Drone x2  
  81  7:06  Drone x3  
  83  7:14  Baneling x3  
  83  7:18  Drone  
  83  7:19  Zergling x12  
  83  7:20  Hatchery  
  89  7:24  Zergling x2  
  89  7:28  Zergling x2  
  89  7:29  Zergling x4  
  93  7:32  Drone  
  93  7:33  Zergling x2  
  93  7:34  Hydralisk Den, Zergling x4  
  96  7:40  Drone  
  96  7:42  Drone  
  96  7:43  Drone x3  
  103  7:49  Zergling x2  
  103  7:50  Overlord x2  
  104  7:52  Baneling  
  104  7:53  Baneling x12  
  104  7:57  Overlord  
  103  7:59  Baneling x2  
Tags
 
Add a new tag
Caveats
  • Supply blocks, unpowered buildings, or Contaminate may cause inaccurate times.
  • Supply counts are checked every 10 seconds.